 Dungeon Crawl Stone Soup version 0.23.1-37-gaa34b87b72 (webtiles) character file.

Game seed: 5226711025737574471

116762 Morbidden the Brawler (level 16, -3/125 HPs)
             Began as a Demonspawn Fighter on Mar 23, 2019.
             Was the Champion of Okawaru.
             Slain by a shock serpent (12 damage)
             ... on level 3 of the Snake Pit.
             The game lasted 01:03:22 (25841 turns).

Morbidden the Brawler (Demonspawn Fighter)         Turns: 25841, Time: 01:03:23

Health: -3/125     AC: 36    Str: 24    XL:     16   Next: 21%
Magic:  0/28       EV:  7    Int: 17    God:    Okawaru [******]
Gold:   2961       SH: 29    Dex: 13    Spells: 32/32 levels left

rFire    . . .     SeeInvis .     - Unarmed
rCold    . . .     Gourm    .   B - +3 shield {AC+3}
rNeg     . . .     Faith    .   R - +7 crystal plate armour
rPois    +         Spirit   +   K - +0 helmet {Int+3}
rElec    .         Reflect  +   z - +2 cloak {MR+}
rCorr    .         Harm     .   (gloves unavailable)
MR       ++...                  U - +2 pair of boots {run}
Stlth    ..........             O - amulet of Recil {Reflect Str+2 Int+3 SH+4}
HPRegen  0.30/turn              g - ring of poison resistance
MPRegen  0.42/turn              A - +2 ring of evasion

@: quick
A: claws 3, large bone plates 3, foul stench 1, magic shield, magic
regeneration, rot immunity
a: Heroism, Finesse, Renounce Religion


You were on level 3 of the Snake Pit.
You worshipped Okawaru.
Okawaru was exalted by your worship.
You were not hungry.

You visited 5 branches of the dungeon, and saw 27 of its levels.
You also visited: Gauntlet.

You collected 3089 gold pieces.
You spent 128 gold pieces at shops.

Inventory:

Armour
 p - a scarf of cloud immunity
 z - a +2 cloak of magic resistance (worn)
 B - a +3 shield of protection (worn)
 K - a +0 helmet of intelligence (worn)
 R - a +7 crystal plate armour (worn)
 U - a +2 pair of boots of running (worn)
Jewellery
 g - a ring of poison resistance (left claw)
 u - the ring "Ixauvoyl" {+Fly Int+7}
   (You found it in a Gauntlet)

   [ring of flight]

   It affects your intelligence (+7).
   It lets you fly.
 A - a +2 ring of evasion (right claw)
 O - the amulet of Recil (around neck) {Reflect Str+2 Int+3 SH+4}
   (You found it in a Gauntlet)

   [amulet of reflection]

   It shields you and reflects attacks.
   It affects your strength (+2).
   It affects your intelligence (+3).
   It affects your SH (+4).
Wands
 E - a wand of paralysis (3)
 F - a wand of flame (1)
 G - a wand of digging (16)
 I - a wand of disintegration (22)
 J - a wand of acid (10)
 Y - a wand of clouds (5)
 Z - a wand of iceblast (7)
Scrolls
 a - a scroll of acquirement {unknown}
 e - 3 scrolls of amnesia
 h - 3 scrolls of enchant weapon
 i - 2 scrolls of immolation
 j - 10 scrolls of remove curse
 n - 2 scrolls of noise
 o - a scroll of silence {unknown}
 q - 2 scrolls of magic mapping
 s - 7 scrolls of fog
 t - 3 scrolls of fear
 x - 2 scrolls of identify
 y - 8 scrolls of teleportation
 C - 2 scrolls of holy word {unknown}
 Q - a scroll of torment {unknown}
 V - a scroll of brand weapon {unknown}
 W - a scroll of blinking {unknown}
 X - a scroll of summoning {unknown}
Potions
 b - 3 potions of haste
 c - a potion of resistance {unknown}
 k - 4 potions of heal wounds
 l - 9 potions of curing
 m - a potion of cancellation {unknown}
 r - 6 potions of lignification
 v - 2 potions of brilliance
 w - 3 potions of flight
 D - 3 potions of magic
 H - 4 potions of mutation
 L - 2 potions of berserk rage {unknown}
 M - 4 potions of agility {unknown}
 N - a potion of invisibility {unknown}
 S - 3 potions of ambrosia
Miscellaneous
 d - a phial of floods
 P - a fan of gales
Comestibles
 f - 48 rations


   Skills:
 * Level 11.1 Fighting
   Level 1.4(2.0) Short Blades
   Level 2.1(2.4) Long Blades
 + Level 7.0 Armour
 + Level 1.4 Dodging
 + Level 0.3 Stealth
 - Level 15.0 Shields
 + Level 15.6 Unarmed Combat
 * Level 8.8 Spellcasting
 - Level 8.0 Invocations
 + Level 1.5 Evocations


You had 32 spell levels left.
You didn't know any spells.
Your spell library contained the following spells:

 Spells                   Type           Power        Failure   Level  Hunger
 Animate Skeleton         Necr           N/A          100%        1    None
 Beastly Appendage        Tmut           #.....       100%        1    None
 Confusing Touch          Hex            #.....       100%        1    None
 Magic Dart               Conj           #...         100%        1    None
 Pain                     Necr           #...         100%        1    None
 Blink                    Tloc           N/A          100%        2    None
 Call Imp                 Summ           #.......     100%        2    None
 Passwall                 Tmut/Erth      #.......     100%        2    None
 Searing Ray              Conj           #.....       100%        2    None
 Slow                     Hex            #.......     100%        2    None
 Sticks to Snakes         Tmut           #.......     100%        2    None
 Swiftness                Chrm/Air       #.......     100%        2    None
 Confuse                  Hex            #.......     100%        3    #......
 Conjure Flame            Conj/Fire      #.......     100%        3    #......
 Dazzling Spray           Conj/Hex       #.....       100%        3    #......
 Gell's Gravitas          Tloc           #.........   100%        3    #......
 Mephitic Cloud           Conj/Pois/Air  #.......     100%        3    #......
 Portal Projectile        Hex/Tloc       #.....       100%        3    #......
 Regeneration             Chrm/Necr      #.........   100%        3    #......
 Spider Form              Tmut/Pois      #.........   100%        3    #......
 Vampiric Draining        Necr           #.........   100%        3    #......
 Animate Dead             Necr           N/A          100%        4    ###....
 Cause Fear               Hex            #.........   100%        4    ###....
 Force Lance              Conj/Tloc      #.......     100%        4    ###....
 Fulminant Prism          Conj/Hex       #.........   100%        4    ###....
 Ice Form                 Ice/Tmut       #.......     100%        4    ###....
 Iskenderun's Mystic Bla  Conj           #.......     100%        4    ###....
 Passage of Golubria      Tloc           N/A          100%        4    ###....
 Petrify                  Tmut/Erth      #.......     100%        4    ###....
 Blade Hands              Tmut           #.........   100%        5    #####..
 Lee's Rapid Deconstruct  Erth           #.........   100%        5    #####..
 Metabolic Englaciation   Hex/Ice        #.........   100%        5    #####..
 Silence                  Hex/Air        #.........   100%        5    #####..
 Yara's Violent Unravell  Hex/Tmut       #.........   100%        5    #####..
 Darkness                 Hex            #.........   100%        6    ######.
 Deflect Missiles         Chrm/Air       #.........   100%        6    ######.
 Dispersal                Tloc           #.........   100%        6    ######.
 Invisibility             Hex            #.......     100%        6    ######.
 Controlled Blink         Tloc           N/A          100%        8    #######
 Discord                  Hex            #.........   100%        8    #######
 Disjunction              Tloc           #.........   100%        8    #######


Dungeon Overview and Level Annotations

Branches:
Dungeon (15/15)            Temple (1/1) D:4            Lair (6/6) D:11
  Swamp (0/4) Lair:4        Snake (3/4) Lair:2        Slime (0/5) Lair:5
    Orc (2/2) D:9             Elf (0/3) Orc:2        Vaults (0/5) D:14
 Depths (0/5) D:15

Altars:
Ashenzari
Cheibriados
Dithmenos
Elyvilon
Fedhas
Gozag
Hepliaklqana
Kikubaaqudgha
Makhleb
Nemelex Xobeh
Okawaru
Qazlal
Ru
Sif Muna
Trog
Uskayaw
Vehumet
Wu Jian
Xom
Yredelemnul
Zin
Beogh

Shops:
D:11 (}   Orc:1 =   Orc:2 *?*%

Annotations:
Lair:4 exclusion: 4 oklob plants


Innate Abilities, Weirdness & Mutations

You have claws for hands.
You are completely covered in large bone plates. (SH +8)
You may emit foul miasma when damaged in melee.
When hurt, damage is shared between your health and your magic reserves.
You regenerate magic rapidly.
You are immune to rotting.


Message History

Unknown command.
You barely miss the shock serpent.
The shock serpent is almost dead.
You block the shock serpent's attack. x2
Unknown command.
You closely miss the shock serpent.
The shock serpent is almost dead.
The shock serpent shoots out a bolt of lightning at you!
The bolt of electricity hits you! x2; You block the shock serpent's attack.
Unknown command.
Unknown command.
You scratch the shock serpent.
The shock serpent is lightly wounded.
The shock serpent shoots out a bolt of lightning at you!
The bolt of electricity misses you. The bolt of electricity hits you!!!
* * * LOW HITPOINT WARNING * * *
The shock serpent bites you!
* * * LOW HITPOINT WARNING * * *
The shock serpent shocks you!
You die...

............##
#............##
#.............
#............
#...........
#...S.......
#...S.......
#..@S......
#.......... ###+
###......#####....#
##.(..#####..........
##.....#.#.......<....
#......#.#............
##.###.'.#............
#..#..##.............
#.....##.............


You could see 3 shock serpents.

Vanquished Creatures
  A nagaraja (Snake:2)
  A dire elephant (D:15)
  A minotaur (Gauntlet)
  An ettin (Orc:2)
  Josephine (D:15)
  2 naga warriors
  10 hydras
  7 anacondas
  A catoblepas (D:12)
  Erica (Lair:1)
  3 centaur warriors
  13 two-headed ogres
  2 ogre magi (Orc:2)
  A tengu warrior (D:12)
  A shock serpent (Snake:1)
  3 naga sharpshooters
  2 deep trolls (Orc:2)
  2 salamander mystics
  3 unseen horrors
  3 sea snakes (Snake:1)
  An orc knight (Orc:1)
  A naga ritualist (Snake:1)
  A necromancer (D:14)
  10 ugly things
  2 orc sorcerers (Orc:1)
  2 mana vipers (Snake:1)
  3 deep elf magi
  3 manticores
  4 salamanders
  7 cyclopes
  5 elephants (Lair:3)
  6 naga magi
  A guardian serpent (Snake:2)
  18 black mambas
  Maurice (D:8)
  21 spiny frogs
  2 centaur skeletons
  A redback zombie (D:14)
  3 rime drakes
  3 komodo dragons
  A queen bee (Lair:2)
  3 tyrant leeches (Lair:6)
  6 meliai (Gauntlet)
  14 trolls
  2 polar bears
  2 harpy skeletons (D:15)
  6 slime creatures
  5 dream sheep (Lair:6)
  21 blink frogs
  17 hippogriffs
  A meliai zombie (D:9)
  A bog body (Lair:4)
  A shadow (D:15)
  2 vampires
  11 wyverns
  2 hungry ghosts
  5 wraiths
  22 yaks
  4 basilisks
  A steam dragon (Lair:5)
  8 vampire mosquitoes
  A harpy simulacrum (D:13)
  2 wargs
  7 nagas
  An acid dragon (D:15)
  11 water moccasins
  A hell hound (Lair:5)
  12 porcupines
  6 ice beasts
  5 sky beasts
  6 phantoms
  2 black bears
  2 eyes of draining
  24 orc warriors
  23 ogres
  4 boggarts (Lair:4)
  7 wolves
  8 crocodiles
  16 centaurs
  A big kobold (D:7)
  A wyvern zombie (D:8)
  33 bullfrogs
  2 water moccasin zombies
  5 scorpions
  A wyvern skeleton (D:14)
  19 killer bees (Lair:2)
  9 wights
  2 howler monkeys
  10 electric eels
  3 centaur zombies
  8 crimson imps
  8 hounds
  9 jellies
  A quasit (D:9)
  3 bullfrog skeletons
  A bullfrog zombie (D:9)
  25 orc priests
  5 iguanas
  3 hell rats (Lair:6)
  9 worker ants
  22 orc wizards
  A killer bee zombie (D:5)
  A hound zombie (D:10)
  A mummy (D:5)
  A worker ant zombie (D:5)
  8 gnolls
  11 adders
  10 river rats (Lair:6)
  7 shadow imps
  An ooze (D:1)
  3 worms
  A dart slug (D:1)
  4 leopard geckos
  100 orcs
  3 bats
  2 giant cockroaches (D:4)
  11 goblins
  9 hobgoblins
  4 jackals (D:2)
  3 quokkas
  2 ball pythons
  8 frilled lizards
  A hobgoblin zombie (D:5)
  11 kobolds
  2 kobold zombies (D:5)
  An orc zombie (D:5)
  A quokka skeleton (D:7)
  16 rats
  A plant (Lair:5)
831 creatures vanquished.

Vanquished Creatures (others)
  A nagaraja (Snake:2)
  A centaur warrior (D:13)
  Sonja (Lair:4)
  An unseen horror (shapeshifter) (D:13)
  3 cyclopes
  A naga mage (Snake:1)
  An adder (Snake:2)
  2 orcs
  5 bushes (Lair:6)
  17 fungi
  45 plants
78 creatures vanquished.

Grand Total: 909 creatures vanquished

Notes
Turn   | Place    | Note
-------+----------+-------------------------------------------
     0 | D:1      | Morbidden the Demonspawn Fighter began the quest for the
                  | Orb.
     0 | D:1      | Reached XP level 1. HP: 18/18 MP: 1/1
    92 | D:1      | Gained mutation: You have sharp fingernails. [demonic
                  | ancestry]
    92 | D:1      | Reached XP level 2. HP: 19/24 MP: 2/2
   310 | D:1      | Gained mutation: You have very sharp fingernails. [demonic
                  | ancestry]
   310 | D:1      | Reached XP level 3. HP: 29/29 MP: 3/3
   746 | D:2      | Reached skill level 1 in Short Blades
   868 | D:2      | Gained mutation: You have claws for hands. [demonic
                  | ancestry]
   868 | D:2      | Reached XP level 4. HP: 32/35 MP: 4/4
  1606 | D:3      | Found a hide-covered altar of Uskayaw.
  2104 | D:4      | Noticed a centaur
  2105 | D:4      | Reached skill level 1 in Unarmed Combat
  2111 | D:4      | Gained mutation: You are immune to rotting. [demonic
                  | ancestry]
  2111 | D:4      | Reached XP level 5. HP: 36/42 MP: 5/5
  2120 | D:4      | Killed a centaur
  2568 | D:4      | Gained mutation: You are partially covered in large bone
                  | plates. (SH +4) [demonic ancestry]
  2568 | D:4      | Reached XP level 6. HP: 39/48 MP: 6/6
  2737 | D:4      | Found a staircase to the Ecumenical Temple.
  2892 | Temple   | Entered the Ecumenical Temple
  2907 | Temple   | Became a worshipper of Warmaster Okawaru
  3168 | D:5      | Entered Level 5 of the Dungeon
  3426 | D:5      | Reached skill level 1 in Invocations
  3426 | D:5      | Gained mutation: When hurt, damage is shared between your
                  | health and your magic reserves. [demonic ancestry]
  3426 | D:5      | Reached XP level 7. HP: 40/54 MP: 3/7
  3566 | D:5      | Found a bloodstained altar of Trog.
  4084 | D:6      | Reached * piety under Okawaru
  4389 | D:6      | Reached skill level 1 in Spellcasting
  4390 | D:6      | Gained mutation: You are mostly covered in large bone
                  | plates. (SH +6) [demonic ancestry]
  4390 | D:6      | Reached XP level 8. HP: 35/61 MP: 2/10
  4426 | D:6      | Reached skill level 5 in Unarmed Combat
  4593 | D:6      | Reached skill level 5 in Shields
  4608 | D:6      | Found a sacrificial altar of Ru.
  4678 | D:6      | Reached ** piety under Okawaru
  5293 | D:7      | Reached XP level 9. HP: 60/67 MP: 12/12
  5333 | D:7      | Reached skill level 5 in Fighting
  5351 | D:7      | Reached *** piety under Okawaru
  5677 | D:7      | Found a faded altar of an unknown god.
  5677 | D:7      | Found a blossoming altar of Fedhas.
  5689 | D:7      | Found a faded altar of an unknown god.
  5691 | D:7      | Found a white marble altar of Elyvilon.
  5693 | D:7      | Found a shattered altar of Ashenzari.
  6044 | D:8      | Noticed Maurice
  6458 | D:8      | Reached **** piety under Okawaru
  6463 | D:8      | Reached skill level 5 in Invocations
  6859 | D:8      | Killed Maurice
  6859 | D:8      | Received a gift from Okawaru
  6915 | D:9      | Gained mutation: You are completely covered in large bone
                  | plates. (SH +8) [demonic ancestry]
  6915 | D:9      | Reached XP level 10. HP: 76/76 MP: 14/14
  6988 | D:9      | Found a sacrificial altar of Ru.
  7095 | D:9      | Found a staircase to the Orcish Mines.
  7103 | D:9      | Found a roughly hewn altar of Beogh.
  7239 | D:9      | Noticed a two-headed ogre
  7246 | D:9      | Killed a two-headed ogre
  7476 | D:9      | Found a snail-covered altar of Cheibriados.
  7477 | D:9      | Found a glowing silver altar of Zin.
  7628 | D:10     | Entered Level 10 of the Dungeon
  7645 | D:10     | Reached ***** piety under Okawaru
  7917 | D:10     | Reached skill level 1 in Dodging
  8180 | D:10     | Killed an unseen horror
  8180 | D:10     | Received a gift from Okawaru
  8386 | D:10     | Reached XP level 11. HP: 83/83 MP: 16/16
  8707 | D:11     | Found a staircase to the Lair.
  9083 | D:11     | Found Memout's Antique Weapon Shop.
  9318 | D:11     | Found Rappuwo's Gadget Emporium.
  9756 | D:12     | Found a gate leading to a gauntlet.
  9827 | Gauntlet | Entered a Gauntlet
  9827 | Gauntlet | Found a transporter.
  9827 | Gauntlet | Found a transporter.
  9827 | Gauntlet | Noticed a shining eye
  9831 | Gauntlet | Found a transporter.
  9831 | Gauntlet | Found a transporter.
  9831 | Gauntlet | Found a transporter.
  9843 | Gauntlet | Found a transporter.
  9845 | Gauntlet | Found a transporter.
  9850 | Gauntlet | Noticed a ghost crab
  9860 | Gauntlet | Found a transporter.
  9861 | Gauntlet | Found a transporter.
  9879 | Gauntlet | Found a transporter.
  9883 | Gauntlet | Found a transporter.
  9897 | Gauntlet | Found a transporter.
 10081 | Gauntlet | Paralysed by a floating eye for 4 turns
 10085 | Gauntlet | Got a warped golden ring
 10089 | Gauntlet | Paralysed by a floating eye for 2 turns
 10092 | Gauntlet | Identified the ring "Ixauvoyl" {+Fly Int+7} (You found it
                  | in a Gauntlet)
 10107 | Gauntlet | Reached skill level 10 in Unarmed Combat
 10115 | Gauntlet | Got a brightly glowing bone amulet
 10116 | Gauntlet | Identified the amulet of Recil {Reflect Str+2 Int+3 SH+4}
                  | (You found it in a Gauntlet)
 10384 | Gauntlet | Noticed a minotaur
 10536 | Gauntlet | Killed a minotaur
 10536 | Gauntlet | Reached skill level 5 in Armour
 10697 | D:12     | Received a gift from Okawaru
 10738 | D:12     | Noticed a tengu warrior
 10756 | D:12     | Killed a tengu warrior
 10891 | D:12     | Noticed a two-headed ogre
 10901 | D:12     | Killed a two-headed ogre
 10901 | D:12     | Gained mutation: You may emit foul miasma when damaged in
                  | melee. [demonic ancestry]
 10901 | D:12     | Reached XP level 12. HP: 92/92 MP: 19/19
 11045 | D:12     | Noticed a catoblepas
 11066 | D:12     | Killed a catoblepas
 11066 | D:12     | Received a gift from Okawaru
 11066 | D:12     | Reached skill level 5 in Spellcasting
 11177 | Lair:1   | Entered Level 1 of the Lair of Beasts
 11193 | Lair:1   | Reached skill level 10 in Shields
 11299 | Lair:1   | Noticed an eight-headed hydra
 11336 | Lair:1   | Killed an eight-headed hydra
 11336 | Lair:1   | Received a gift from Okawaru
 11551 | Lair:1   | Noticed Erica
 11559 | Lair:1   | Killed Erica
 11971 | Lair:1   | You fall through a shaft!
 11976 | Lair:2   | Found a staircase to the Snake Pit.
 12411 | Lair:2   | Noticed a six-headed hydra
 12478 | Lair:2   | Killed an 11-headed hydra
 13119 | Lair:3   | Received a gift from Okawaru
 13232 | Lair:3   | Reached XP level 13. HP: 92/99 MP: 21/21
 13448 | Lair:3   | Found a radiant altar of Vehumet.
 13947 | Lair:4   | Noticed Sonja
 13977 | Lair:4   | Killed Sonja
 14247 | Lair:4   | Found a staircase to the Swamp.
 14432 | Lair:4   | Reached ****** piety under Okawaru
 14999 | Lair:5   | Received a gift from Okawaru
 15020 | Lair:5   | Identified a +2 pair of boots of running (Okawaru gifted it
                  | to you on level 5 of the Lair of Beasts)
 15584 | Lair:5   | Found a staircase to the Slime Pits.
 15970 | Lair:6   | Entered Level 6 of the Lair of Beasts
 16683 | Lair:6   | Received a gift from Okawaru
 16691 | Lair:6   | Gained mutation: You regenerate magic rapidly. [demonic
                  | ancestry]
 16691 | Lair:6   | Reached XP level 14. HP: 74/108 MP: 17/24
 16911 | Lair:6   | Reached skill level 1 in Evocations
 17041 | Lair:6   | Received a gift from Okawaru
 18342 | D:13     | Reached skill level 10 in Fighting
 18559 | D:13     | Received a gift from Okawaru
 19673 | D:14     | Found a gate to the Vaults.
 19683 | D:14     | Received a gift from Okawaru
 20040 | D:15     | Entered Level 15 of the Dungeon
 20056 | D:15     | Noticed Josephine
 20081 | D:15     | Killed Josephine
 20081 | D:15     | Reached XP level 15. HP: 78/116 MP: 18/26
 20458 | D:15     | Found a staircase to the Depths.
 21346 | Orc:1    | Entered Level 1 of the Orcish Mines
 21562 | Orc:2    | Entered Level 2 of the Orcish Mines
 21612 | Orc:1    | Received a gift from Okawaru
 21751 | Orc:1    | Found Ypyd Sirch's Jewellery Shop.
 22135 | Orc:2    | Found Hikatuas's Food Emporium.
 22136 | Orc:2    | Found Genogg's Assorted Antiques.
 22257 | Orc:2    | Received a gift from Okawaru
 22324 | Orc:2    | Found Unogy's Magic Scroll Boutique.
 22335 | Orc:2    | Found Fysi's Assorted Antiques.
 22352 | Orc:2    | Bought a scroll of identify for 64 gold pieces
 22352 | Orc:2    | Bought a scroll of identify for 64 gold pieces
 22504 | Orc:2    | Found a staircase to the Elven Halls.
 22537 | Orc:2    | Found a roughly hewn altar of Beogh.
 22902 | Snake:1  | Entered Level 1 of the Snake Pit
 22976 | Snake:1  | Reached skill level 15 in Shields
 23383 | Snake:1  | Received a gift from Okawaru
 24236 | Snake:2  | Noticed a nagaraja
 24245 | Snake:2  | Noticed a nagaraja
 24246 | Snake:2  | Reached skill level 15 in Unarmed Combat
 24254 | Snake:2  | Killed a nagaraja
 24273 | Snake:2  | Killed a nagaraja
 24423 | Snake:2  | Reached XP level 16. HP: 60/124 MP: 22/28
 24665 | Snake:2  | Received a gift from Okawaru
 25841 | Snake:3  | Slain by a shock serpent

Skill      XL: |  1  2  3  4  5  6  7  8  9 10 11 12 13 14 15 16 |
---------------+-------------------------------------------------+-----
Armour         | 3 4 5 6 7 |  7.0
Long Blades    | 2 |  2.1
Short Blades   | 1 |  1.4
Shields        | 3 4 5 7 8 9 11 13 14 15 | 15.0
Unarmed Combat | 1 2 3 4 6 7 9 10 11 12 13 15 | 15.6
Fighting       | 4 6 7 8 9 10 11 | 11.1
Invocations    | 1 2 4 5 7 8 |  8.0
Spellcasting   | 1 2 3 4 5 6 7 8 |  8.8
Dodging        | 1 |  1.4
Evocations     | 1 |  1.5
Stealth        | |  0.3

Action                   |  1- 3 |  4- 6 |  7- 9 | 10-12 | 13-15 | 16-18 || total
-------------------------+-------+-------+-------+-------+-------+-------++-------
Melee: Long sword        |    29 |       |       |       |       |       ||    29
       Short sword       |   101 |    14 |       |       |       |       ||   115
       Unarmed           |       |   210 |   478 |   934 |  1821 |   162 ||  3605
Invok: Heroism           |       |       |     2 |     8 |     6 |       ||    16
       Finesse           |       |       |       |     3 |     1 |       ||     4
Evoke: Wand              |       |       |     1 |     7 |    29 |       ||    37
       Fan of gales      |       |       |       |     1 |     1 |       ||     2
       Phial of floods   |       |       |       |       |     3 |       ||     3
  Use: Scroll            |       |     2 |     2 |    16 |    17 |     1 ||    38
       Potion            |       |       |       |     1 |     5 |       ||     6
 Stab: Petrified         |       |       |       |     3 |       |       ||     3
  Eat: Ration            |     1 |       |     3 |     3 |     7 |       ||    14
       Chunk             |     1 |     8 |     5 |    12 |    18 |       ||    44
Armor: Scale mail        |    37 |       |       |       |       |       ||    37
       Plate armour      |     5 |   129 |   146 |   110 |       |       ||   390
       Crystal plate arm |       |       |       |   280 |   812 |    48 ||  1140
Dodge: Dodged            |    31 |    19 |    57 |   139 |   219 |    19 ||   484
Block: Shield            |    58 |   122 |   341 |  1219 |  2455 |   200 ||  4395
       Reflection        |       |       |       |     7 |    71 |     7 ||    85
       Rpst.: Long sword |     6 |       |       |       |       |       ||     6
